 Dungeon Crawl Stone Soup version 0.24-a0-769-g368c1644f8 (webtiles) character file.

Game seed: 13135356027427045581, levelgen mode: deterministic

23 Peloso the Covered (level 2, -2/27 HPs)
             Began as a Minotaur Fighter on Oct 5, 2019.
             Engulfed by a cloud of flame (17 damage)
             ... on level 1 of the Dungeon.
             The game lasted 00:02:05 (515 turns).

Peloso the Covered (Minotaur Fighter)                Turns: 515, Time: 00:02:06

Health: -2/27      AC: 11    Str: 20    XL:     2   Next: 75%
Magic:  1/1        EV:  3    Int:  5    God:
Gold:   55         SH:  9    Dex:  9    Spells: 1/1 levels left

rFire    . . .     SeeInvis .   a - +0 long sword
rCold    . . .     Gourm    .   c - +0 shield
rNeg     . . .     Faith    .   g - +0 plate armour
rPois    .         Spirit   .   (helmet restricted)
rElec    .         Reflect  .   (no cloak)
rCorr    .         Harm     .   (no gloves)
MR       .....                  (no boots)
Stlth    ..........             e - amulet of regeneration
HPRegen  0.49/turn              (no ring)
MPRegen  0.07/turn              (no ring)

@: very slightly contaminated
A: retaliatory headbutt, horns 2
a: no special abilities


You were on level 1 of the Dungeon.
You were not hungry.

You visited 1 branch of the dungeon, and saw 1 of its levels.

You collected 55 gold pieces.

Inventory:

Hand Weapons
 a - a +0 long sword (weapon)
Armour
 b - a +0 scale mail
 c - a +0 shield (worn)
 g - a +0 plate armour (worn)
Jewellery
 e - an amulet of regeneration (around neck)
Potions
 d - a potion of might
 i - a potion of brilliance {unknown}
Comestibles
 f - a ration


   Skills:
 + Level 4.0 Fighting
 + Level 2.7 Long Blades
 + Level 4.2 Armour
 + Level 3.9 Shields


You had one spell level left.
You didn't know any spells.
Your spell library was empty.

Dungeon Overview and Level Annotations

Branches:
Dungeon (1/15)

Altars:


Innate Abilities, Weirdness & Mutations

You reflexively headbutt those who attack you in melee.
You have a pair of horns on your head.


Message History

You start removing your armour.
You continue taking off your +0 scale mail. x4
You finish taking off your +0 scale mail.
You start putting on your armour.
You continue putting on your plate armour. x5
You finish putting on your +0 plate armour.
You now have 55 gold pieces (gained 6).
Really walk into a travel-excluded area?
h - a scroll labeled ETOCIUMAPO
There are no items here.
As you read the scroll labeled ETOCIUMAPO, it crumbles to dust.
You feel blessed for a moment.
It was a scroll of remove curse.
You see here a ring mail.
Really walk into a travel-excluded area? [Y]es or [N]o only, please.
Really walk into a travel-excluded area?
You are engulfed in blazing flames.
You are engulfed in blazing flames.
Ouch! That really hurt!
You die...

### #.. ... .#
#.# ###.##.# #
#.# #......# #
#.# #...... #
#^# .....
#####.#####
#...#
..........#
#○§§#
..........#
#○@☼#
#########.#
#☼§°#
#†#####...######
#..☼○§..[..○§○.#
#!.☼§§.....§§○.#
##.§☼○.....☼☼§.#
######...######
#○§°# #○§☼#


There were no monsters in sight!

Vanquished Creatures
  A leopard gecko (D:1)
  3 bats (D:1)
  2 giant cockroaches (D:1)
  2 goblins (D:1)
  5 hobgoblins (D:1)
  A kobold (D:1)
  A ball python (D:1)
  2 frilled lizards (D:1)
  4 rats (D:1)
21 creatures vanquished.

Vanquished Creatures (others)
  A rat (D:1)
1 creature vanquished.

Grand Total: 22 creatures vanquished

Notes
Turn   | Place    | Note
-------+----------+-------------------------------------------
     0 | D:1      | Peloso the Minotaur Fighter began the quest for the Orb.
     0 | D:1      | Reached XP level 1. HP: 19/19 MP: 0/0
   234 | D:1      | Reached XP level 2. HP: 27/27 MP: 1/1
   515 | D:1      | Engulfed by a cloud of flame

Levels and vault maps discovered:
D:1:      psy_arrival_whirlpool, layout_loops_ring, lemuel_flame_loot_1

Skill      XL: |  1  2 |
---------------+-------+-----
Armour         | 4 |  4.2
Fighting       | 4 |  4.0
Long Blades    | |  2.7
Shields        | |  3.9

Action                   || total
-------------------------++-------
Melee: Long sword        ||    35
       Headbutt          ||     7
  Use: Potion            ||     4
       Scroll            ||     3
Armor: Scale mail        ||    15
Dodge: Dodged            ||    13
Block: Shield            ||    21
       Rpst.: Long sword ||     2

Table legend:
 A = Non-vault XP
 B = Vault XP
 C = Vault XP percentage of total XP
 D = Non-vault monster count
 E = Vault monster count
 F = Vault count percentage of total count
                 A         B        C        D         E       F
            +---------+---------+-------+---------+---------+-------
      Total |      34 |       0 |   0.0 |      21 |       0 |   0.0
            +---------+---------+-------+---------+---------+-------
        D:1 |      34 |       0 |   0.0 |      21 |       0 |   0.0
            +---------+---------+-------+---------+---------+-------
